 Dungeon Crawl Stone Soup version 0.31-a0-232-gb1c03b2570 (webtiles) character file.

Game seed: 1457724877284604977

288 qw the Shooter (level 6, -6/38 (51) HPs)
             Began as a Minotaur Hexslinger on July 7, 2023.
             Mangled by Edmund
             ... wielding a +6 flail of draining
              (13 damage)
             ... on level 4 of the Dungeon.
             The game lasted 00:01:18 (2784 turns).

qw the Shooter (Minotaur Hexslinger)                Turns: 2784, Time: 00:01:18

HP:   -6/38 (51)    AC: 10    Str: 12    XL:     6   Next: 9%
MP:   0/6           EV: 11    Int: 10    God:
Gold: 209           SH:  0    Dex: 15    Spells: 6/7 levels left

rFire   . . .        Y - +1 sling
rCold   . . .        (no shield)
rNeg    . . .        l - +0 ring mail
rPois   .            (helmet restricted)
rElec   .            (no cloak)
rCorr   .            d - +2 pair of gloves
SInv    .            i - +1 pair of boots
Will    .....        m - amulet of guardian spirit
Stlth   +            (no ring)
HPRegen 0.26/turn    (no ring)
MPRegen 0.10/turn

%: guardian spirit
@: about to teleport, very heavily drained
A: horns 2, retaliatory headbutt
a: no special abilities


You were on level 4 of the Dungeon.
You visited 1 branch of the dungeon, and saw 4 of its levels.

You collected 209 gold pieces.


Innate Abilities, Weirdness & Mutations

You have a pair of horns on your head.
You reflexively headbutt those who attack you in melee.


   Skills:
 + Level 3.4 Fighting
 - Level 6.2 Ranged Weapons
 - Level 1.1 Armour
 - Level 2.1 Dodging
 - Level 1.0 Spellcasting
 - Level 2.0 Hexes


You had 6 spell levels left.
You knew the following spells:

 Your Spells              Type           Power      Damage    Failure   Level
a - Slow                  Hex            16%        N/A       34%         1

Your spell library contained the following spells:

 Spells                   Type           Power      Damage    Failure   Level
 Inner Flame              Hex/Fire       2%         N/A       83%         3
 Portal Projectile        Hex/Tloc       4%         N/A       83%         3
 Cause Fear               Hex            2%         N/A       98%         4

Inventory:

Hand Weapons
 Y - a +1 sling (weapon)
Armour
 d - a +2 pair of gloves (worn)
 i - a +1 pair of boots (worn)
 l - a +0 ring mail (worn)
Jewellery
 m - an amulet of guardian spirit (around neck)
Scrolls
 b - a scroll of identify
 n - a scroll of revelation {unknown}
Potions
 c - a potion of haste {unknown}
 e - a potion of attraction {unknown}
 f - a potion of degeneration {unknown}
 g - a potion of invisibility {unknown}
 h - 2 potions of magic {unknown}
 j - a potion of might {unknown}
 k - a potion of curing {unknown}
 o - a potion of enlightenment {unknown}

Dungeon Overview and Level Annotations

Branches:
Dungeon (4/15)
 Temple: D:4-7

Altars:

Annotations:
D:4 Edmund, Sigmund


Message History

Edmund is lightly wounded.
Edmund zaps a wand.
You resist with some effort. Sigmund misses you.
You shoot a sling bullet. The sling bullet barely misses Edmund.
Edmund hits you but does no damage.
You feel drained.
You shoot a sling bullet.
The sling bullet hits Edmund but does no damage.
Edmund is lightly wounded.
Sigmund says, "I'm your fate." Sigmund hits you but does no damage.
Edmund hits you with a +6 flail of draining.
You feel drained.
Edmund zaps a wand.
You resist with some effort.
You shoot a sling bullet. The sling bullet hits Edmund.
Edmund is lightly wounded.
Sigmund points at you and mumbles some strange words.
You are confused.
Edmund barely misses you.
Sigmund hits you from afar with a +0 scythe of protection.
Edmund hits you with a +6 flail of draining.
You feel drained. Sigmund gestures at you while chanting.
The puff of flame hits you.
Edmund hits you with a +6 flail of draining.
You feel drained.
Sigmund hits you from afar with a +0 scythe of protection.
Edmund barely misses you.
Edmund hits you with a +6 flail of draining.
You feel drained.
Sigmund casts a spell.
Sigmund flickers and vanishes!
Deactivating autopickup; reactivate with Ctrl-A.
Edmund hits you but does no damage.
You feel drained.
You feel less confused. Something completely misses you.
Edmund hits you with a +6 flail of draining.
You feel drained.
2784 ||| READING scroll of teleportation.
As you read the scroll of teleportation, it crumbles to dust.
You feel strangely unstable.
Edmund hits you with a +6 flail of draining!
You die...

###.
...#[#..###........# #
....#...........#.#
#...#.##.#.##.#.#.#
#...#.##..........#
#...#.##.....##.#.#
#...#.............. #
#.....##..........#
#..#.....##.....)..#.#
#...@@.#.....###.#.#.#
#..##..#..#.........)#
#. #){.#.#######.#####
# ##..#.# #.# # ##.#.#
#.# #. ..#.# #)#
#.#####..#.#######.#
#.....# .#....>....#
..#.....####.#########


You could see Edmund.

Vanquished Creatures
  An ogre (D:4)
  An iguana (D:3)
  2 orc wizards
  5 adders
  A worm (D:2)
  3 dart slugs
  9 orcs
  9 bats
  4 endoplasms
  2 giant cockroaches
  5 goblins
  7 hobgoblins
  3 jackals (D:1)
  A quokka (D:2)
  6 ball pythons
  A frilled lizard (D:2)
  7 kobolds
  5 rats
72 creatures vanquished.

Notes
Turn   | Place    | Note
-------+----------+-------------------------------------------
     0 | D:1      | qw the Minotaur Hexslinger began the quest for the Orb.
     0 | D:1      | Reached XP level 1. HP: 16/16 MP: 1/1
     0 | D:1      | 0 ||| qw: Version: 0.3-a-46-gb1f654a
     0 | D:1      | 0 ||| qw: Game counter: 2663
     0 | D:1      | 0 ||| qw: Melee chars always use a shield: true
     0 | D:1      | 0 ||| qw: God list: Okawaru
     0 | D:1      | 0 ||| qw: Allow faded altars: false
     0 | D:1      | 0 ||| qw: Do Orc after clearing Dungeon:15 true
     0 | D:1      | 0 ||| qw: Do second Lair branch before Depths: true
     0 | D:1      | 0 ||| qw: Lair rune preference: random
     0 | D:1      | 0 ||| qw: Goals: Normal
     0 | D:1      | 0 ||| PLANNING D:1-11
   166 | D:1      | Reached skill level 3 in Ranged Weapons
   216 | D:1      | Reached XP level 2. HP: 23/23 MP: 2/2
   224 | D:1      | 224 ||| FLEEEEING.
   225 | D:1      | 225 ||| FLEEEEING.
   226 | D:1      | 226 ||| FLEEEEING.
   227 | D:1      | 227 ||| FLEEEEING.
   345 | D:1      | 345 ||| FLEEEEING.
   349 | D:1      | 349 ||| FLEEEEING.
   664 | D:1      | 664 ||| UPGRADING to +0 pair of gloves.
   669 | D:1      | 669 ||| UPGRADING to +0 ring mail.
   679 | D:1      | 679 ||| DROPPING +0 robe.
   680 | D:1      | 680 ||| READING scroll labelled UQAFASEULU.
   681 | D:1      | 681 ||| READING scroll labelled ZECAMI GILOFA.
   686 | D:1      | 686 ||| READING scroll labelled HUMA MIKOLUARGH.
   687 | D:1      | 687 ||| READING scroll labelled MIVOBAITEY.
   688 | D:1      | 688 ||| DROPPING scroll of poison.
   753 | D:2      | Reached XP level 3. HP: 25/29 MP: 3/3
   823 | D:2      | Found a faded altar of an unknown god.
   930 | D:2      | Reached skill level 4 in Ranged Weapons
  1195 | D:2      | Reached skill level 1 in Armour
  1469 | D:2      | 1469 ||| UPGRADING to +0 pair of boots.
  1589 | D:2      | 1589 ||| UPGRADING to amulet of guardian spirit.
  1594 | D:2      | 1594 ||| DROPPING ring of wizardry.
  1595 | D:2      | 1595 ||| READING scroll labelled XIULU UKLASCH.
  1596 | D:2      | 1596 ||| READING scroll labelled KUFAZE BOYT.
  1597 | D:2      | 1597 ||| DRINKING 2 clear potions.
  1629 | D:3      | HP: 7/29 [poisoned by a kobold]
  1634 | D:3      | HP: 3/29 [poisoned by a kobold]
  1751 | D:3      | HP: 7/29 [iguana (5)]
  1752 | D:3      | 1752 ||| READING 2 scrolls of teleportation.
  1753 | D:3      | 1753 ||| DRINKING potion of heal wounds.
  1768 | D:3      | Reached XP level 4. HP: 27/36 MP: 1/4
  1859 | D:3      | Reached skill level 5 in Ranged Weapons
  2031 | D:3      | Reached XP level 5. HP: 44/44 MP: 5/5
  2136 | D:3      | 2136 ||| DROPPING scarf of harm.
  2137 | D:3      | 2137 ||| READING scroll labelled ICZOYJE XOJACO.
  2138 | D:3      | 2138 ||| READING 2 scrolls of identify.
  2138 | D:3      | 2138 ||| IDENTIFYING murky dark potion
  2139 | D:3      | 2139 ||| DROPPING potion of brilliance.
  2178 | D:4      | Reached skill level 3 in Fighting
  2204 | D:4      | HP: 10/45 [something/puff of flame (5)]
  2365 | D:4      | Noticed an ogre
  2376 | D:4      | Killed an ogre
  2377 | D:4      | Reached skill level 6 in Ranged Weapons
  2602 | D:4      | 2602 ||| READING 3 scrolls of enchant armour.
  2602 | D:4      | 2602 ||| ENCHANTING +0 pair of gloves.
  2603 | D:4      | 2603 ||| READING 2 scrolls of enchant armour.
  2603 | D:4      | 2603 ||| ENCHANTING +1 pair of gloves.
  2604 | D:4      | 2604 ||| READING scroll of enchant armour.
  2604 | D:4      | 2604 ||| ENCHANTING +0 pair of boots.
  2700 | D:4      | Reached XP level 6. HP: 51/51 MP: 6/6
  2768 | D:4      | Noticed Sigmund
  2768 | D:4      | Noticed Edmund
  2781 | D:4      | HP: 10/41 [Edmund/+6 flail of draining (2)]
  2784 | D:4      | 2784 ||| READING scroll of teleportation.
  2784 | D:4      | Mangled by Edmund

Levels and vault maps discovered:
D:1:      dpeg_arrival_solitude, layout_basic
D:2:      minmay_general_purpose_star, layout_loops_cross,
          ebering_ecumenical_altar_sacrificial, kennysheep_pointless_box,
          reono_crystal_passage, due_unseen_surprise
D:3:      layout_rooms
D:4:      layout_loops_corners, fedhas_altar_decomposition,
          sigmund_edmund_badplayer, uniq_eustachio

Skill      XL: |  1  2  3  4  5 |
---------------+----------------+-----
Ranged Weapons | 3 4 5 6 |  6.2
Fighting       | 2 3 |  3.4
Armour         | 1 |  1.1
Dodging        | |  2.1
Spellcasting   | |  1.0
Hexes          | |  2.0

Action                     |  1- 3 |  4- 6 || total
---------------------------+-------+-------++-------
   Fire: Sling             |   158 |   127 ||   285
    Use: Scroll            |     7 |     6 ||    13
         Potion            |     2 |       ||     2
 Armour: Robe              |    10 |       ||    10
         Ring mail         |    34 |    39 ||    73
  Dodge: Dodged            |    55 |    34 ||    89

Table legend:
 A = Non-vault XP
 B = Vault XP
 C = Vault XP percentage of total XP
 D = Non-vault monster count
 E = Vault monster count
 F = Vault count percentage of total count
                 A         B        C        D         E       F
            +---------+---------+-------+---------+---------+-------
      Total |     404 |       8 |   1.9 |      67 |       5 |   6.9
            +---------+---------+-------+---------+---------+-------
        D:1 |      37 |       0 |   0.0 |      21 |       0 |   0.0
        D:2 |      36 |       8 |  18.2 |      13 |       5 |  27.8
        D:3 |     118 |       0 |   0.0 |      17 |       0 |   0.0
        D:4 |     213 |       0 |   0.0 |      16 |       0 |   0.0
            +---------+---------+-------+---------+---------+-------
